 Dungeon Sprint DCSS version 0.17.2-1-ge4368a0 (webtiles) character file.

777 mopl the Unseen (level 7, -4/49 HPs)
             Began as a Spriggan Assassin on Aug 23, 2016.
             Was a Priest of Trog.
             Slain by a gnoll sergeant
             ... wielding a +0 trident
              (13 damage)
             ... in the Dungeon (Sprint VII: "The Pits").
             The game lasted 00:01:33 (399 turns).

mopl the Unseen (Spriggan Assassin)                  Turns: 399, Time: 00:01:33

Health: -4/49      AC:  3    Str: 12    XL:     7   Next: 54%
Magic:  8/8        EV: 17    Int: 12    God:    Trog [***...]
Gold:   0          SH:  0    Dex: 20    Spells: 0 memorised, 6 levels left

rFire  . . .     SeeInvis +     a - +1 dagger (elec)
rCold  . . .     Clarity  .     c - +0 robe
rNeg   . . .     SustAt   .     (shield restricted)
rPois  .         Gourm    .     (helmet restricted)
rElec  .         Spirit   .     d - +0 cloak
rCorr  .         Warding  .     (gloves unavailable)
rMut   .         NoTele   +     (boots unavailable)
MR     +....                    (no amulet)
Stlth  ..........               (no ring)
                                (no ring)

@: berserking, very quick, somewhat resistant to hostile enchantments, extremely
unstealthy
A: unfitting armour, see invisible, herbivore 3, speed 3, slow metabolism 2
a: Berserk, Trog's Hand, Burn Spellbooks, Renounce Religion


You were in the Dungeon.
You worshipped Trog.
Trog was most pleased with you.
You were not hungry.

You visited 1 branch

Inventory:

Hand Weapons
 a - a +1 dagger of electrocution (weapon)
 b - a +0 blowgun
 s - a +0 long sword of flaming
Missiles
 e - 8 poisoned needles
 f - 2 curare-tipped needles
Armour
 c - a +0 robe (worn)
 d - a +0 cloak (worn)
Scrolls
 m - a scroll of blinking
 p - 3 scrolls of remove curse
 q - a scroll of summoning
 r - 2 scrolls of vulnerability
Potions
 h - 6 potions of curing
 i - 6 potions of heal wounds
 j - a potion of haste
 k - 4 potions of magic
 l - 3 potions of berserk rage {!q}
 o - 2 potions of invisibility
 t - 2 potions of lignification {unknown}
Comestibles
 g - 8 bread rations
 n - 40 fruits


   Skills:
 + Level 1.5 Fighting
 + Level 2.1 Short Blades
 * Level 13.3 Throwing
 - Level 1.5 Dodging
 + Level 15.0 Stealth


You had 6 spell levels left.
You didn't know any spells.

Dungeon Overview and Level Annotations

Branches:
Dungeon (1/1)

Altars:
Ashenzari
Cheibriados
Dithmenos
Elyvilon
Fedhas
Gozag
Kikubaaqudgha
Makhleb
Nemelex Xobeh
Okawaru
Qazlal
Ru
Sif Muna
Trog
Vehumet
Xom
Yredelemnul
Zin
The Shining One
Beogh
Jiyva
Lugonu


Innate Abilities, Weirdness & Mutations

You are tiny and cannot use many weapons and most armour.
You have supernaturally acute eyesight.
You are a herbivore.
You cover ground extremely quickly.
You need consume almost no food.


Message History

The gnoll sergeant closely misses you.
You hit the gnoll sergeant but do no damage.
The gnoll sergeant is heavily wounded.
The gnoll sergeant hits you but does no damage.
You hit the gnoll sergeant but do no damage.
The gnoll sergeant is heavily wounded.
The gnoll sergeant barely misses you.
You hit the gnoll sergeant but do no damage.
The gnoll sergeant is heavily wounded.
You hit the gnoll sergeant but do no damage.
The gnoll sergeant is heavily wounded.
The gnoll sergeant closely misses you.
You hit the gnoll sergeant but do no damage.
The gnoll sergeant is moderately wounded.
The gnoll sergeant barely misses you.
A red film seems to cover your vision as you go berserk!
You feel yourself moving faster!
You feel mighty!
You feel somewhat more hungry.
The gnoll sergeant hits you with a trident!
You die...

############
#__________#
#__________#
#.#####'##########
#_#)))'.'%.##.....
#_#)))#.#?(##.....
#######'#####.....
#.).........'.....
#@#####'#####.....
#g#...#.#[[##.....
#.#..†#.#).#####'#
#.#...')#))##.....
#.##'####))##.....
#.#..(†.#..##.....
#.#†.)†.#'###...<.
#.#........##.....
#)#........##.....


You could see a gnoll sergeant.

Vanquished Creatures
  Pikel (D)
  A wolf (D)
  A slave (D)
  3 brain worms (D)
  2 gnolls (D)
  A river rat (D)
  An adder zombie (D)
  An orc (D)
  A bat skeleton (D)
  A kobold (D)
  2 quokkas (D)
  A rat (D)
16 creatures vanquished.

Vanquished Creatures (others)
  2 slaves (D)
  2 gnolls (D)
4 creatures vanquished.

Grand Total: 20 creatures vanquished

Notes
Turn   | Place    | Note
--------------------------------------------------------------
     0 | D        | mopl the Spriggan Assassin began the quest for the Orb.
     0 | D        | Reached XP level 1. HP: 10/10 MP: 2/2
     8 | D        | Noticed a brain worm
    11 | D        | Killed a brain worm
    11 | D        | Reached skill level 6 in Throwing
    11 | D        | Reached skill level 9 in Stealth
    11 | D        | Reached XP level 2. HP: 14/14 MP: 3/3
    11 | D        | Reached XP level 3. HP: 18/18 MP: 4/4
    19 | D        | Found a sacrificial altar of Ru.
    19 | D        | Found a basalt altar of Yredelemnul.
    19 | D        | Found a shadowy altar of Dithmenos.
    19 | D        | Found a deep blue altar of Sif Muna.
    19 | D        | Found a burning altar of Makhleb.
    19 | D        | Found a shimmering altar of Xom.
    19 | D        | Found an ancient bone altar of Kikubaaqudgha.
    19 | D        | Found a sparkling altar of Nemelex Xobeh.
    20 | D        | Found a glowing golden altar of the Shining One.
    20 | D        | Found a bloodstained altar of Trog.
    20 | D        | Found a shattered altar of Ashenzari.
    20 | D        | Found a white marble altar of Elyvilon.
    20 | D        | Found a snail-covered altar of Cheibriados.
    20 | D        | Found a blossoming altar of Fedhas.
    20 | D        | Found a radiant altar of Vehumet.
    20 | D        | Found a glowing silver altar of Zin.
    20 | D        | Found a corrupted altar of Lugonu.
    20 | D        | Found a viscous altar of Jiyva.
    20 | D        | Found a roughly hewn altar of Beogh.
    20 | D        | Found an iron altar of Okawaru.
    23 | D        | Became a worshipper of Trog the Wrathful
    26 | D        | Found a stormy altar of Qazlal.
    26 | D        | Found an opulent altar of Gozag.
    57 | D        | Reached XP level 4. HP: 22/22 MP: 5/5
    59 | D        | Noticed a brain worm
    61 | D        | Killed a brain worm
    61 | D        | Reached skill level 8 in Throwing
    61 | D        | Reached skill level 10 in Stealth
    64 | D        | Reached XP level 5. HP: 25/25 MP: 6/6
    69 | D        | Reached * piety under Trog
    78 | D        | Reached ** piety under Trog
   204 | D        | Noticed Pikel
   204 | D        | Noticed a slave
   204 | D        | Noticed a slave
   204 | D        | Noticed a wolf
   208 | D        | Noticed a slave
   216 | D        | Killed a wolf
   216 | D        | Reached skill level 10 in Throwing
   216 | D        | Reached skill level 12 in Stealth
   216 | D        | Reached XP level 6. HP: 19/30 MP: 7/7
   223 | D        | Killed a slave
   231 | D        | Killed Pikel
   231 | D        | Reached *** piety under Trog
   231 | D        | Reached skill level 13 in Throwing
   231 | D        | Reached skill level 14 in Stealth
   231 | D        | Reached XP level 7. HP: 18/33 MP: 8/8
   252 | D        | Killed a freed slave
   272 | D        | Noticed a brain worm
   277 | D        | Killed a brain worm
   277 | D        | Reached skill level 15 in Stealth
   278 | D        | Killed a freed slave
   298 | D        | Noticed a water moccasin
   388 | D        | Noticed a gnoll sergeant
   399 | D        | Slain by a gnoll sergeant

Action                   |  1- 3 |  4- 6 |  7- 9 || total
-------------------------+-------+-------+-------++-------
Melee: Dagger            |     3 |    28 |    20 ||    51
Invok: Berserk           |       |     1 |     1 ||     2
 Stab: Sleeping          |     3 |     3 |       ||     6
